WIN
WASHINGTON (WIN) NATIONALS @ ASHEVILLE TOURISTS
12/02/2047
 
TOP OF THE 1ST
Washington (WIN) Nationals batting - Pitching for Asheville Tourists : RHP Pei Xie
Pitching: RHP Pei Xie
Batting: RHB Hisayuki Akiyama 0-0: Ground out 4-3 (Groundball, 4S, EV 86.9 MPH)
Batting: RHB Dusty Ballard 0-0: Swinging Strike
0-1: Ball
1-1: Ground out 6-3 (Groundball, 6, EV 83.1 MPH)
Batting: LHB Kyung-jin Cho 0-0: Ball
1-0: Ground out 5-3 (Groundball, 56, EV 86.2 MPH)
Top of the 1st over - 0 runs, 0 hits, 0 errors, 0 left on base; Washington (WIN) 0 - Asheville 0
BOTTOM OF THE 1ST
Asheville Tourists batting - Pitching for Washington (WIN) Nationals : RHP Travis Hardin
Pitching: RHP Travis Hardin
Batting: LHB Nick Martin 0-0: Bunt for hit to 5S - play at first, batter OUT! 5-3
Batting: LHB Iehohs Inatho 0-0: Swinging Strike
0-1: Ball
1-1: Foul Ball, location: 2F
1-2: Strikes out swinging
Batting: LHB Nick Rooney 0-0: Ball
1-0: Foul Ball, location: 2F
1-1: Called Strike
1-2: Strikes out swinging
Bottom of the 1st over - 0 runs, 0 hits, 0 errors, 0 left on base; Washington (WIN) 0 - Asheville 0
TOP OF THE 2ND
Washington (WIN) Nationals batting - Pitching for Asheville Tourists : RHP Pei Xie
Batting: LHB Jae-ik Soung 0-0: Ball
1-0: Foul Ball, location: 2F
1-1: Ball
2-1: Ball
3-1: Called Strike
3-2: Base on Balls
Batting: RHB Justin Bonner 0-0: Called Strike
0-1: Foul Ball, location: 2F
0-2: Foul Ball, location: 2F
0-2: Strikes out swinging
Batting: RHB Antonio Laurel 0-0: SINGLE (Line Drive, 7S, EV 112.5 MPH)
Jae-ik Soung to second
Batting: LHB Alexis Cantu 0-0: Ball
1-0: Ball
2-0: Ball
3-0: Called Strike
3-1: Base on Balls
Jae-ik Soung to third
Antonio Laurel to second
Batting: RHB Nate Dickinson 0-0: Called Strike
0-1: Ball
1-1: Swinging Strike
1-2: Fly out, F8 (Flyball, 8RS, EV 88.1 MPH)
Batting: LHB Evan Oliveri 0-0: Ground out U3 (Groundball, 3, EV 90.6 MPH)
Top of the 2nd over - 0 runs, 1 hit, 0 errors, 3 left on base; Washington (WIN) 0 - Asheville 0
BOTTOM OF THE 2ND
Asheville Tourists batting - Pitching for Washington (WIN) Nationals : RHP Travis Hardin
Batting: LHB Paul McClintock 0-0: Foul Ball, location: 2F
0-1: Foul Ball, location: 2F
0-2: Fly out, F8 (Line Drive, 8RM, EV 94.4 MPH)
Batting: RHB Zakhar Edelman 0-0: Ball
1-0: Ball
2-0: Called Strike
2-1: Ball
3-1: Foul Ball, location: 2F
3-2: Base on Balls
Batting: RHB Matviy Oliynyk 0-0: Ball
1-0: Called Strike
1-1: Ball
2-1: Ball
3-1: Foul Ball, location: 2F
3-2: SINGLE (Flyball, 89S, EV 90.0 MPH)
Zakhar Edelman to second
Runner from 2nd tries for 3rd, OUT! 9-5
Batting: RHB Chris Osting 0-0: Ball
1-0: Ball
2-0: Ball
3-0: Base on Balls
Matviy Oliynyk to second
Batting: RHB Kevin McKasson 0-0: Ball
1-0: Ball
2-0: Foul Ball, location: 2F
2-1: DOUBLE (Line Drive, 89M, EV 94.4 MPH)
Matviy Oliynyk scores
Chris Osting to third
Runner from 3rd tries for Home, SAFE, throw by RF to trailing runner, SAFE at third!
Batting: RHB Pei Xie 0-0: DOUBLE (Flyball, 8LD, EV 103.8 MPH)
Kevin McKasson scores
Batting: LHB Nick Martin 0-0: Called Strike
0-1: Ball
1-1: SINGLE (Groundball, 6S, EV 71.2 MPH) (infield hit)
Pei Xie to third
Batting: LHB Iehohs Inatho 0-0: Called Strike
0-1: Ball
1-1: Foul Ball, location: 2F
1-2: Strikes out looking
Bottom of the 2nd over - 3 runs, 4 hits, 0 errors, 2 left on base; Washington (WIN) 0 - Asheville 3
TOP OF THE 3RD
Washington (WIN) Nationals batting - Pitching for Asheville Tourists : RHP Pei Xie
Batting: RHB Hisayuki Akiyama 0-0: Called Strike
0-1: Swinging Strike
0-2: Foul Ball, location: 2F
0-2: Strikes out swinging
Batting: RHB Dusty Ballard 0-0: Foul Ball, location: 2F
0-1: Ground out 6-3 (Groundball, 6, EV 85.6 MPH)
Batting: LHB Kyung-jin Cho 0-0: DOUBLE (Groundball, 3L, EV 108.8 MPH)
Batting: LHB Jae-ik Soung 0-0: Foul Ball, location: 2F
0-1: Called Strike
0-2: Fly out, F8 (Flyball, 8LD, EV 89.4 MPH)
Top of the 3rd over - 0 runs, 1 hit, 0 errors, 1 left on base; Washington (WIN) 0 - Asheville 3
BOTTOM OF THE 3RD
Asheville Tourists batting - Pitching for Washington (WIN) Nationals : RHP Travis Hardin
Batting: LHB Nick Rooney 0-0: Ground out 5-3 (Groundball, 56, EV 97.5 MPH)
Batting: LHB Paul McClintock 0-0: Foul Ball, location: 2F
0-1: Ball
1-1: Ball
2-1: Ball
3-1: Swinging Strike
3-2: Foul Ball, location: 2F
3-2: Foul Ball, location: 2F
3-2: SINGLE (Line Drive, 9LS, EV 110.6 MPH)
Batting: RHB Zakhar Edelman 0-0: Called Strike
0-1: Ball
1-1: Fly out, F9 (Flyball, 9D, EV 98.8 MPH)
Batting: RHB Matviy Oliynyk 0-0: Ball
Wild Pitch!
Paul McClintock to second
1-0: Ground out 6-3 (Groundball, 6, EV 85.6 MPH)
Bottom of the 3rd over - 0 runs, 1 hit, 0 errors, 1 left on base; Washington (WIN) 0 - Asheville 3
TOP OF THE 4TH
Washington (WIN) Nationals batting - Pitching for Asheville Tourists : RHP Pei Xie
Batting: RHB Justin Bonner 0-0: Ball
1-0: Ball
2-0: Foul Ball, location: 2F
2-1: Ball
3-1: Swinging Strike
3-2: SINGLE (Line Drive, 4D, EV 97.5 MPH)
Batting: RHB Antonio Laurel 0-0: Ball
1-0: Ball
2-0: Ball
3-0: Called Strike
3-1: Foul Ball, location: 2F
3-2: Fly out, F9 (Flyball, 89M, EV 97.5 MPH)
Batting: LHB Alexis Cantu 0-0: Ball
1-0: Called Strike
1-1: Ball
2-1: Foul Ball, location: 2F
2-2: Ball
3-2: DOUBLE (Flyball, 8LXD, EV 93.8 MPH)
Justin Bonner to third
Justin Bonner scores
Batting: RHB Nate Dickinson 0-0: Ball
1-0: Called Strike
1-1: Ball
2-1: Ball
3-1: Ground out 6-3 (Groundball, 6D, EV 87.5 MPH)
Batting: LHB Evan Oliveri 0-0: Called Strike
0-1: Ball
1-1: Ball
2-1: Foul Ball, location: 2F
2-2: Ball
3-2: Foul Ball, location: 2F
3-2: Base on Balls
Batting: RHB Hisayuki Akiyama 0-0: Ball
1-0: Ground out 6-3 (Groundball, 6M, EV 104.4 MPH)
Top of the 4th over - 1 run, 2 hits, 0 errors, 2 left on base; Washington (WIN) 1 - Asheville 3
BOTTOM OF THE 4TH
Asheville Tourists batting - Pitching for Washington (WIN) Nationals : RHP Travis Hardin
Batting: RHB Chris Osting 0-0: Called Strike
0-1: Ball
1-1: Called Strike
1-2: Foul Ball, location: 2F
1-2: Strikes out swinging
Batting: RHB Kevin McKasson 0-0: Ball
1-0: Foul Ball, location: 2F
1-1: Foul Ball, location: 2F
1-2: Strikes out looking
Batting: RHB Pei Xie 0-0: Ball
1-0: Ball
2-0: Foul Ball, location: 2F
2-1: Foul Ball, location: 2F
2-2: Strikes out swinging
Bottom of the 4th over - 0 runs, 0 hits, 0 errors, 0 left on base; Washington (WIN) 1 - Asheville 3
TOP OF THE 5TH
Washington (WIN) Nationals batting - Pitching for Asheville Tourists : RHP Pei Xie
Batting: RHB Dusty Ballard 0-0: Foul Ball, location: 2F
0-1: Foul Ball, location: 2F
0-2: Ball
1-2: Ball
2-2: Ball
3-2: Strikes out swinging
Batting: LHB Kyung-jin Cho 0-0: Called Strike
0-1: Ball
1-1: Ball
2-1: Ground out 1-3 (Groundball, 15, EV 64.4 MPH)
Batting: LHB Jae-ik Soung 0-0: Called Strike
0-1: Foul Ball, location: 2F
0-2: Foul Ball, location: 2F
0-2: Strikes out looking
Top of the 5th over - 0 runs, 0 hits, 0 errors, 0 left on base; Washington (WIN) 1 - Asheville 3
BOTTOM OF THE 5TH
Asheville Tourists batting - Pitching for Washington (WIN) Nationals : RHP Travis Hardin
Batting: LHB Nick Martin 0-0: Ball
1-0: Called Strike
1-1: Ball
2-1: Swinging Strike
2-2: Strikes out swinging
Batting: LHB Iehohs Inatho 0-0: Ball
1-0: Foul Ball, location: 2F
1-1: Foul Ball, location: 2F
1-2: Fly out, F7 (Flyball, 78S, EV 94.4 MPH)
Batting: LHB Nick Rooney 0-0: Ball
1-0: Called Strike
1-1: SINGLE (Flyball, 6MD, EV 88.1 MPH)
Batting: LHB Paul McClintock 0-0: Ball
1-0: Ball
2-0: Fielders Choice at 2nd, U6 (Groundball, 6M, EV 77.5 MPH)
Bottom of the 5th over - 0 runs, 1 hit, 0 errors, 1 left on base; Washington (WIN) 1 - Asheville 3
TOP OF THE 6TH
Washington (WIN) Nationals batting - Pitching for Asheville Tourists : RHP Pei Xie
Pitching: RHP Vas Karamyshev
Batting: RHB Justin Bonner 0-0: Ball
1-0: Foul Ball, location: 2F
1-1: Foul Ball, location: 2F
1-2: Fly out, F8 (Flyball, 89M, EV 76.2 MPH)
Batting: RHB Antonio Laurel 0-0: Ball
1-0: Called Strike
1-1: Swinging Strike
1-2: Strikes out looking
Batting: LHB Alexis Cantu 0-0: Ball
1-0: Ball
2-0: Ball
3-0: Called Strike
3-1: Foul Ball, location: 2F
3-2: Ground out 4-3 (Groundball, 4, EV 86.9 MPH)
Top of the 6th over - 0 runs, 0 hits, 0 errors, 0 left on base; Washington (WIN) 1 - Asheville 3
BOTTOM OF THE 6TH
Asheville Tourists batting - Pitching for Washington (WIN) Nationals : RHP Travis Hardin
Batting: RHB Zakhar Edelman 0-0: Ball
1-0: Called Strike
1-1: Ball
2-1: Swinging Strike
2-2: Foul Ball, location: 2F
2-2: Foul Ball, location: 2F
2-2: Strikes out swinging
Batting: RHB Matviy Oliynyk 0-0: Ball
1-0: Foul Ball, location: 2F
1-1: Ball
2-1: Foul Ball, location: 2F
2-2: DOUBLE (Flyball, 9LD, EV 103.8 MPH)
Batting: RHB Chris Osting 0-0: Ball
1-0: Ball
2-0: Ball
3-0: Base on Balls
Batting: RHB Kevin McKasson 0-0: Ball
1-0: Ball
2-0: Ball
3-0: Base on Balls
Matviy Oliynyk to third
Chris Osting to second
Pitching: LHP Anton Erlykov
Batting: RHB Pei Xie 0-0: Fly out, F9 (Line Drive, 89S, EV 97.5 MPH)
Runner from 3rd tags up, SCORES, throw by RF
Batting: LHB Nick Martin 0-0: Ball
1-0: Called Strike
1-1: Swinging Strike
1-2: Ball
2-2: Foul Ball, location: 2F
2-2: Strikes out swinging
Bottom of the 6th over - 1 run, 1 hit, 0 errors, 2 left on base; Washington (WIN) 1 - Asheville 4
TOP OF THE 7TH
Washington (WIN) Nationals batting - Pitching for Asheville Tourists : RHP Vas Karamyshev
Batting: RHB Nate Dickinson 0-0: Ball
1-0: Hit by Pitch
Batting: LHB Evan Oliveri 0-0: Ball
1-0: Foul Ball, location: 2F
1-1: Ball
2-1: Foul Ball, location: 2F
2-2: Ball
Nate Dickinson steals 2nd base
3-2: Foul Ball, location: 2F
3-2: Base on Balls
Batting: RHB Hisayuki Akiyama 0-0: Ball
1-0: Ball
2-0: Bunted foul
2-1: Ball
3-1: Ball
Nate Dickinson to third
Evan Oliveri to second
Batting: RHB Dusty Ballard 0-0: DOUBLE (Flyball, 8LXD, EV 108.8 MPH)
Nate Dickinson scores
Evan Oliveri scores
Hisayuki Akiyama to third
Batting: LHB Kyung-jin Cho 0-0: Called Strike
0-1: SINGLE (Groundball, 34D, EV 107.5 MPH)
Hisayuki Akiyama scores
Dusty Ballard to third
Runner from 3rd tries for Home, SAFE, throw by RF to home
Pitching: RHP Davon Ware
Batting: LHB Jae-ik Soung 0-0: Ball
1-0: Foul Ball, location: 2F
1-1: Grounds into double play, 6-4-3 (Groundball, 6M, EV 102.5 MPH)
Batting: RHB Justin Bonner 0-0: Swinging Strike
0-1: Foul Ball, location: 2F
0-2: Strikes out swinging
Top of the 7th over - 4 runs, 2 hits, 0 errors, 0 left on base; Washington (WIN) 5 - Asheville 4
BOTTOM OF THE 7TH
Asheville Tourists batting - Pitching for Washington (WIN) Nationals : LHP Anton Erlykov
Batting: LHB Iehohs Inatho 0-0: Ball
1-0: Ground out 2-3 (Groundball, 13S, EV 63.1 MPH)
Batting: LHB Nick Rooney 0-0: Called Strike
0-1: Foul Ball, location: 2F
0-2: Ball
1-2: Fly out, F8 (Flyball, 8RM, EV 91.2 MPH)
Batting: LHB Paul McClintock 0-0: Called Strike
0-1: Foul Ball, location: 2F
0-2: Strikes out swinging
Bottom of the 7th over - 0 runs, 0 hits, 0 errors, 0 left on base; Washington (WIN) 5 - Asheville 4
TOP OF THE 8TH
Washington (WIN) Nationals batting - Pitching for Asheville Tourists : RHP Davon Ware
Batting: RHB Antonio Laurel 0-0: Foul Ball, location: 2F
0-1: Ground out 6-3 (Groundball, 6, EV 88.1 MPH)
Batting: LHB Alexis Cantu 0-0: Foul Ball, location: 2F
0-1: Ball
1-1: Ball
2-1: Foul Ball, location: 2F
2-2: Ball
3-2: Ground out 4-3 (Groundball, 4, EV 89.4 MPH)
Batting: RHB Nate Dickinson 0-0: Swinging Strike
0-1: Ball
1-1: Foul Ball, location: 2F
1-2: Ball
2-2: Ball
3-2: Foul Ball, location: 2F
3-2: Fly out, F9 (Flyball, 89M, EV 83.8 MPH)
Top of the 8th over - 0 runs, 0 hits, 0 errors, 0 left on base; Washington (WIN) 5 - Asheville 4
BOTTOM OF THE 8TH
Asheville Tourists batting - Pitching for Washington (WIN) Nationals : LHP Anton Erlykov
Batting: RHB Zakhar Edelman 0-0: Ball
1-0: Ball
2-0: Ball
3-0: Called Strike
3-1: Base on Balls
Batting: RHB Matviy Oliynyk 0-0: Sac Bunt to 2L - play at first, batter OUT! 2-3
Zakhar Edelman to second
Batting: RHB Chris Osting 0-0: Ball
1-0: Ball
2-0: Swinging Strike
2-1: Foul Ball, location: 2F
2-2: Strikes out swinging
Batting: RHB Kevin McKasson 0-0: Foul Ball, location: 2F
0-1: Ball
1-1: Foul Ball, location: 2F
1-2: Strikes out swinging
Bottom of the 8th over - 0 runs, 0 hits, 0 errors, 1 left on base; Washington (WIN) 5 - Asheville 4
TOP OF THE 9TH
Washington (WIN) Nationals batting - Pitching for Asheville Tourists : RHP Davon Ware
Batting: LHB Evan Oliveri 0-0: SINGLE (Line Drive, 78S, EV 97.5 MPH)
Batting: RHB Hisayuki Akiyama 0-0: Ball
Wild Pitch!
Evan Oliveri to second
1-0: Swinging Strike
1-1: Foul Ball, location: 2F
1-2: Ball
2-2: Ball
3-2: SINGLE (Groundball, 6S, EV 64.4 MPH) (infield hit)
Evan Oliveri to third
Batting: RHB Dusty Ballard 0-0: Called Strike
0-1: Ball
1-1: Ball
2-1: Called Strike
2-2: Strikes out looking
Batting: LHB Kyung-jin Cho 0-0: Ball
1-0: Ball
Hisayuki Akiyama steals 2nd base (no throw)
2-0: Called Strike
2-1: Ball
3-1: Base on Balls
Batting: LHB Jae-ik Soung 0-0: Ball
1-0: SINGLE (Groundball, 6M, EV 105.0 MPH)
Evan Oliveri scores
Hisayuki Akiyama to third
Kyung-jin Cho to second
Runner from 3rd tries for Home, SAFE, throw by CF to home
Batting: RHB Justin Bonner 0-0: Ball
1-0: Ball
2-0: Called Strike
2-1: Called Strike
2-2: Ball
3-2: Foul Ball, location: 2F
3-2: Fly out, F9 (Line Drive, 9LS, EV 96.2 MPH)
Pitching: RHP Terry Sterling
Batting: RHB Antonio Laurel 0-0: Foul Ball, location: 2F
0-1: Ball
1-1: Ball
2-1: Fielders Choice at 2nd, 5-4 (Groundball, 56, EV 106.2 MPH)
Top of the 9th over - 2 runs, 3 hits, 0 errors, 2 left on base; Washington (WIN) 7 - Asheville 4
BOTTOM OF THE 9TH
Asheville Tourists batting - Pitching for Washington (WIN) Nationals : LHP Anton Erlykov
Pitching: RHP Stacey Kerssies
Batting: LHB Luke Coulter 0-0: SINGLE (Groundball, 34D, EV 107.5 MPH)
Batting: LHB Nick Martin 0-0: Called Strike
0-1: Ball
1-1: Foul Ball, location: 2F
1-2: Ball
2-2: Ball
3-2: SINGLE (Groundball, 4MD, EV 103.8 MPH)
Luke Coulter to second
Pinch Hitting: SHB Jeff Sorrels 0-0: Called Strike
0-1: Ball
1-1: Fly out, F7 (Flyball, 78M, EV 80.6 MPH)
Batting: LHB Nick Rooney 0-0: Ball
1-0: Swinging Strike
1-1: Ball
2-1: Foul Ball, location: 2F
2-2: Foul Ball, location: 2F
2-2: Strikes out looking
Batting: LHB Paul McClintock 0-0: Called Strike
0-1: Ball
1-1: Fly out, F9 (Flyball, 9LS, EV 92.5 MPH)
Bottom of the 9th over - 0 runs, 2 hits, 0 errors, 2 left on base; Washington (WIN) 7 - Asheville 4
Thursday, December 15th , 2022 - OOTP Baseball 23.9 Build 102